 Dungeon Crawl Stone Soup version 0.17.2-1-ge4368a0 (webtiles) character file.

18763 Goblin1989 the Grappler (level 12, -4/92 HPs)
             Began as a Demonspawn Hunter on Oct 23, 2016.
             Was an Initiate of Gozag.
             Slain by an orc knight
             ... wielding a +0 dire flail
              (20 damage)
             ... on level 4 of the Orcish Mines.
             The game lasted 01:08:57 (11218 turns).

Goblin1989 the Grappler (Demonspawn Hunter)        Turns: 11218, Time: 01:08:57

Health: -4/92      AC: 10    Str: 17    XL:     12   Next: 30%
Magic:  0/12       EV: 13    Int: 12    God:    Gozag
Gold:   3607       SH:  0    Dex: 15    Spells: 0 memorised, 11 levels left

rFire  + . .     SeeInvis .       - Unarmed
rCold  + . .     Clarity  .     G - +1 scale mail {rF+}
rNeg   . . .     SustAt   .     (no shield)
rPois  +         Gourm    .     (helmet restricted)
rElec  .         Spirit   +     b - +0 cloak {rPois}
rCorr  .         Warding  .     (no gloves)
rMut   .         Stasis   .     (no boots)
MR     .....                    i - amulet of guardian spirit
Stlth  ..........               f - ring of protection from fire
                                p - ring of ice

@: not resistant to hostile enchantments, extremely unstealthy
A: claws 2, horns 1, talons 2, powered by death 2, spiny 1
a: Potion Petition, Call Merchant, Bribe Branch, Renounce Religion


You were on level 4 of the Orcish Mines.
You worshipped Gozag.
Gozag was noncommittal.
You were not hungry.

You visited 3 branches of the dungeon, and saw 16 of its levels.
You also visited: Ossuary.

You collected 4700 gold pieces.
You spent 384 gold pieces at shops.
You paid 709 gold pieces to Gozag.

Inventory:

Hand Weapons
 a - a +2 hand crossbow
Missiles
 d - 52 bolts
Armour
 b - a +0 cloak of poison resistance (worn)
 G - a +1 scale mail of fire resistance (worn)
Jewellery
 f - a ring of protection from fire (right claw)
 i - an amulet of guardian spirit (around neck)
 p - a ring of ice (left claw)
 F - a +2 ring of strength
Wands
 h - a wand of fire (0)
 u - a wand of fireball (8)
 y - a wand of disintegration (6)
 C - a wand of confusion (26)
Scrolls
 c - 3 scrolls of magic mapping {unknown}
 g - a scroll of fog {unknown}
 j - 5 scrolls of enchant armour {unknown}
 l - a scroll of acquirement {unknown}
 m - 7 scrolls of remove curse {@r2}
 q - a scroll of recharging {unknown}
 s - 2 scrolls of random uselessness {unknown}
 t - 2 scrolls of immolation {unknown}
 x - a scroll of brand weapon {unknown}
 B - 2 scrolls of blinking
 R - 3 scrolls of identify {@r1}
 T - 3 scrolls of teleportation {!r, @r4}
Potions
 k - a potion of heal wounds {!q, @q2}
 n - 5 potions of curing {@q1}
 o - a potion of berserk rage {!q}
 r - 3 potions of flight
 w - a potion of brilliance
Comestibles
 e - a bread ration {@e1}


   Skills:
 + Level 7.7 Fighting
   Level 3.5 Staves
 - Level 10.1 Crossbows
 + Level 6.7 Armour
 + Level 7.0 Dodging
 - Level 0.8 Stealth
 * Level 10.7 Unarmed Combat


You had 11 spell levels left.
You didn't know any spells.

Dungeon Overview and Level Annotations

Branches:
Dungeon (11/15)            Temple (1/1) D:4            Lair (0/8) D:10
    Orc (4/4) D:10            Elf (0/3) Orc:4

Altars:
Ashenzari
Cheibriados
Dithmenos
Gozag
Makhleb
Okawaru
Qazlal
Sif Muna
Trog
Xom
Zin
The Shining One
Beogh

Shops:
D:10 *   Orc:4 *

Annotations:
D:4 Grinder
D:11 Erolcha
Orc:4 exclusion: door


Innate Abilities, Weirdness & Mutations

You have very sharp fingernails.
You have a pair of small horns on your head.
You have razor-sharp toenails.
You regenerate health from kills.
You are partially covered in sharp spines.


Message History

You are too injured to fight recklessly!
Unknown command.
You mangle the orc knight!!
You claw the orc knight, but do no damage.
The orc knight is heavily wounded.
Unknown command.
You scratch the orc knight. Your headbutt misses the orc knight.
The orc knight is heavily wounded.
The orc warrior barely misses you.
The orc knight is struck by your spines.
The orc knight hits you with a dire flail!!
* * * LOW HITPOINT WARNING * * *
You take 22 damage, and have 15/92 hp.
MASSIVE DAMAGE!!
You now have 2/12 mp.
You claw the orc knight!
You headbutt the orc knight, but do no damage.
The orc knight is severely wounded.
The orc warrior hits you but does no damage.
The orc knight hits you with a dire flail!!
You die...
Your body crumbles into a pile of gold.

....█.........█
....██.......██
██.███.......██▲█
████........)██.█ .█
.........))█.▲
███...........█.█
██......███∆███.█████
........█.....█.█o..█
.)).....█.....█.@$..█
.)......█..Ψ..∆.█o.∩█
...<....█.....█.█████
........█.....█.....█
.......████████)███.█
█......█ █.))).█.█
████....█ █..⌂..∆.█
███.█ █.....█.█
.███████∆███.█


You could see an orc knight and an orc warrior (frenzied).

Vanquished Creatures
  Snorg (Orc:1)
  Nergalle (Orc:3)
  An orc knight (Orc:4)
  3 hill giants (D:10)
  3 orc sorcerers (Orc:4)
  Maurice (Orc:2)
  5 trolls
  8 two-headed ogres
  The ghost of Goblin1989 the Insei, an amateur OpMo of Gozag (D:4)
  15 yaks
  2 wargs
  4 hippogriffs
  2 hungry ghosts
  The ghost of Goblin1989 the Bolt Thrower, an amateur DsHu (D:6)
  Menkaure (D:5)
  Edmund (D:4)
  Duvessa (D:5)
  3 sky beasts
  4 ice beasts
  A phantom (D:8)
  21 orc warriors
  3 centaurs
  A crocodile (D:10)
  8 ogres
  2 big kobolds
  5 giant frogs
  A water moccasin zombie (D:7)
  9 killer bees
  Dowan (D:5)
  2 scorpions
  7 crimson imps
  7 wights
  3 hounds
  A giant frog zombie (D:9)
  A quasit (D:8)
  An iguana (D:8)
  18 orc priests
  A giant frog skeleton (D:10)
  24 orc wizards
  6 worker ants
  A killer bee zombie (D:10)
  A big kobold zombie (Ossuary)
  2 hound zombies
  A hound skeleton (D:8)
  4 mummies (Ossuary)
  2 worker ant zombies
  10 adders
  16 gnolls
  3 shadow imps
  An ooze (D:1)
  An adder skeleton (D:4)
  An adder zombie (D:9)
  4 worms
  3 giant geckos
  169 orcs
  A ball python (D:3)
  5 giant cockroaches
  7 goblins
  6 hobgoblins
  20 jackals
  13 kobolds
  5 quokkas
  8 bats
  5 giant newts
  3 gnoll zombies (Ossuary)
  A goblin zombie (Ossuary)
  A hobgoblin zombie (Ossuary)
  A jackal skeleton (D:3)
  A jackal zombie (D:6)
  2 kobold zombies (Ossuary)
  2 orc zombies (Ossuary)
  A quokka skeleton (D:6)
  7 rats
  2 rat zombies (Ossuary)
491 creatures vanquished.

Notes
Turn   | Place    | Note
--------------------------------------------------------------
     0 | D:1      | Goblin1989 the Demonspawn Hunter began the quest for the Orb.
     0 | D:1      | Reached XP level 1. HP: 16/16 MP: 1/1
    52 | D:1      | Reached skill level 4 in Crossbows
   105 | D:1      | Gained mutation: You regenerate a little health from kills. [demonic ancestry]
   105 | D:1      | Reached XP level 2. HP: 22/22 MP: 2/2
   614 | D:2      | Reached XP level 3. HP: 27/27 MP: 3/3
   723 | D:2      | Reached skill level 5 in Crossbows
   725 | D:2      | Gained mutation: You regenerate health from kills. [demonic ancestry]
   725 | D:2      | Reached XP level 4. HP: 33/33 MP: 4/4
  1587 | D:3      | Found a glowing golden altar of the Shining One.
  1952 | D:4      | Found a staircase to the Ecumenical Temple.
  1981 | Temple   | Entered the Ecumenical Temple
  2011 | Temple   | Became a worshipper of Gozag Ym Sagoz the Greedy
  2042 | D:4      | Reached XP level 5. HP: 28/38 MP: 3/5
  2046 | D:4      | Reached skill level 6 in Crossbows
  2085 | D:4      | Noticed Goblin1989's ghost (amateur OpMo)
  2143 | D:4      | Killed Goblin1989's ghost
  2143 | D:4      | Reached skill level 7 in Crossbows
  2143 | D:4      | Gained mutation: You are partially covered in sharp spines. [demonic ancestry]
  2143 | D:4      | Reached XP level 6. HP: 16/44 MP: 6/6
  2237 | D:4      | Noticed Edmund
  2249 | D:4      | Killed Edmund
  2249 | D:4      | Gained mutation: You have a pair of small horns on your head. [demonic ancestry]
  2249 | D:4      | Reached XP level 7. HP: 50/50 MP: 5/7
  2333 | D:4      | Noticed Grinder
  2414 | D:5      | Entered Level 5 of the Dungeon
  2414 | D:5      | Noticed Menkaure
  2421 | D:5      | Killed Menkaure
  2421 | D:5      | Reached skill level 8 in Crossbows
  2437 | D:5      | Found a sand-covered staircase.
  2443 | Ossuary  | Entered an ossuary
  2837 | D:5      | Found a deep blue altar of Sif Muna.
  2843 | D:5      | Found a shadowy altar of Dithmenos.
  2866 | D:5      | Iwannabefree: !lg goblin1989 * won
  2866 | D:5      | beem: 19. Goblin1989 the Slayer (L27 DsFi of Gozag), escaped with the Orb and 15 runes on 2016-10-23 02:08:02, with 15964699 points after 98135 turns and 9:57:34.
  2866 | D:5      | Iwannabefree: krsv
  2976 | D:5      | Goblin1989: sps
  3217 | D:5      | Noticed Dowan
  3245 | D:5      | Killed Dowan
  3347 | D:5      | Noticed Duvessa
  3383 | D:5      | Killed Duvessa
  3383 | D:5      | Gained mutation: You have sharp fingernails. [demonic ancestry]
  3383 | D:5      | Reached XP level 8. HP: 30/56 MP: 1/8
  3384 | D:5      | Goblin1989: fuck!!!
  3664 | D:6      | Found a shimmering altar of Xom.
  3667 | D:6      | Reached skill level 1 in Unarmed Combat
  3846 | D:6      | Noticed Goblin1989's ghost (amateur DsHu)
  3855 | D:6      | Killed Goblin1989's ghost
  3938 | D:6      | Found a glowing silver altar of Zin.
  4378 | D:7      | Reached skill level 1 in Armour
  4433 | D:7      | Reached skill level 5 in Unarmed Combat
  4553 | D:7      | Gained mutation: You have sharp toenails. [demonic ancestry]
  4553 | D:7      | Reached XP level 9. HP: 33/62 MP: 5/9
  5052 | D:7      | Found an iron altar of Okawaru.
  5513 | D:8      | Found a bloodstained altar of Trog.
  6258 | D:9      | Reached XP level 10. HP: 44/73 MP: 4/10
  6438 | D:9      | Reached skill level 5 in Fighting
  6941 | D:10     | Entered Level 10 of the Dungeon
  6941 | D:10     | Noticed a hill giant
  7008 | D:10     | Found a staircase to the Lair.
  7008 | D:10     | Noticed a hill giant
  7016 | D:10     | Killed a hill giant
  7113 | D:10     | Noticed a hill giant
  7156 | D:10     | Reached skill level 5 in Dodging
  7165 | D:10     | Reached skill level 9 in Crossbows
  7195 | D:10     | Killed a hill giant
  7299 | D:10     | Found Aginufuc's Assorted Antiques.
  7303 | D:10     | Bought a scroll labeled GAUT KECEN IHIE for 24 gold pieces
  7303 | D:10     | Bought a worn fluorescent wand for 96 gold pieces
  7303 | D:10     | Bought a scroll labeled KISYRA VOT for 24 gold pieces
  7303 | D:10     | Bought a scroll of identify for 48 gold pieces
  7303 | D:10     | Bought a runed scale mail for 96 gold pieces
  7303 | D:10     | Bought an iron wand for 96 gold pieces
  7349 | D:10     | Found a staircase to the Orcish Mines.
  7361 | D:10     | Killed a hill giant
  7361 | D:10     | Reached skill level 5 in Armour
  7361 | D:10     | Gained mutation: You have very sharp fingernails. [demonic ancestry]
  7361 | D:10     | Reached XP level 11. HP: 25/81 MP: 4/11
  7889 | D:11     | Noticed Erolcha
  7895 | D:11     | Noticed a six-headed hydra
  8155 | Orc:1    | Entered Level 1 of the Orcish Mines
  8234 | Orc:1    | Noticed Snorg
  8248 | Orc:1    | Killed Snorg
  8412 | Orc:2    | Noticed Maurice
  8420 | Orc:2    | Killed Maurice
  9373 | Orc:3    | Noticed Nergalle
  9389 | Orc:3    | Killed Nergalle
  9453 | Orc:3    | Reached skill level 10 in Unarmed Combat
  9850 | Orc:4    | Entered Level 4 of the Orcish Mines
 10329 | Orc:4    | Noticed a soul eater
 10335 | Orc:4    | Paralysed by an orc sorcerer for 3 turns
 10342 | Orc:4    | Gained mutation: You have razor-sharp toenails. [demonic ancestry]
 10342 | Orc:4    | Reached XP level 12. HP: 70/91 MP: 6/12
 10459 | Orc:4    | Found a staircase to the Elven Halls.
 10808 | Orc:4    | Noticed an orc warlord
 10968 | Orc:4    | Reached skill level 10 in Crossbows
 11080 | Orc:4    | Found a roughly hewn altar of Beogh.
 11212 | Orc:4    | Found Byrchelut's General Store.
 11218 | Orc:4    | Slain by an orc knight

Action                   |  1- 3 |  4- 6 |  7- 9 | 10-12 || total
-------------------------+-------+-------+-------+-------++-------
Melee: Spear             |       |    40 |       |       ||    40
       Short sword       |       |       |    46 |       ||    46
       Quarterstaff      |       |       |    34 |       ||    34
       Unarmed           |       |       |   292 |   707 ||   999
 Fire: Hand crossbow     |    76 |   127 |    82 |    28 ||   313
Invok: Potion Petition   |       |     1 |       |     1 ||     2
Evoke: Wand              |       |       |       |     4 ||     4
  Use: Potion            |       |     7 |     7 |     4 ||    18
       Scroll            |       |       |    10 |     2 ||    12
 Stab: Invisible         |       |    11 |       |       ||    11
       Distracted        |       |       |       |     7 ||     7
  Eat: Chunk             |       |     4 |       |       ||     4
       Fruit             |       |       |     6 |       ||     6
       Beef jerky        |       |       |     1 |     1 ||     2
       Bread ration      |       |       |     2 |     2 ||     4
       Pizza             |       |       |     2 |       ||     2
       Meat ration       |       |       |       |     2 ||     2

Vault maps used:
D:1:      dpeg_arrival_fog
D:3:      nicolae_overflow_hidden_temple, first_bread
D:4:      minmay_temple_entry_overgrown, guppyfry_early_lair_pool, uniq_edmund,
          uniq_grinder
D:5:      grunt_temple_overflow_open, enter_ossuary_3, uniq_duvessa,
          uniq_menkaure
D:6:      zin_academy, xom_butterflies
D:7:      lemuel_crystal_altar
D:8:      lemuel_crystal_altar
D:10:     lair_0_dummy, orc_0_dummy, serial_shops, nicolae_shop_trees
D:11:     minmay_cut_squares, uniq_erolcha
Temple:   oiseaux_autumnal_temple_12
Orc:1:    uniq_fannar, uniq_snorg
Orc:2:    uniq_maurice
Orc:3:    serial_shops, nicolae_shop_waterfront, nicolae_orc_pool_cavern,
          uniq_nergalle
Orc:4:    pubby_orc_utopia
Ossuary:  ossuary_minmay_tomb_2a
